 Dungeon Crawl Stone Soup version 0.27.1-3-gb3d3a73c9e (webtiles) character file.

Game seed: 16148513440489151699

2953 Sirial the Grappler (level 9, 0/84 HPs)
             Began as a Troll Fighter on Oct 19, 2021.
             Was a High Priest of Okawaru.
             Slain by a seven-headed hydra (4 damage)
             ... on level 7 of the Dungeon.
             The game lasted 00:17:20 (4427 turns).

Sirial the Grappler (Troll Fighter)                 Turns: 4427, Time: 00:17:21

Health: 0/84       AC: 10    Str: 33    XL:     9   Next: 52%
Magic:  8/8        EV: 10    Int:  4    God:    Okawaru [*****.]
Gold:   241        SH: 11    Dex:  9    Spells: 8/8 levels left

rFire    + . .     SeeInvis .   r - +7 mace of the Vine {vorpal, Contam rF+ Str+6}
rCold    . . .     Faith    .   b - +1 kite shield
rNeg     . . .     Spirit   .   g - +2 robe {Will+}
rPois    .         Reflect  .   (helmet restricted)
rElec    .         Harm     .   (no cloak)
rCorr    .         Rampage  .   (gloves unavailable)
Will     +....                  (boots unavailable)
Stlth    +.........             m - amulet of magic regeneration
HPRegen  1.24/turn              d - +4 ring of protection
MPRegen  0.36/turn              (no ring)

@: hasted, very quick
A: large, unfitting armour, claws 3, regeneration 1, shaggy fur 1, tough skin 1,
weak 1
a: Renounce Religion, Heroism, Finesse


You were on level 7 of the Dungeon.
You worshipped Okawaru.
Okawaru was extremely pleased with you.
You visited 1 branch of the dungeon, and saw 7 of its levels.

You collected 331 gold pieces.
You spent 90 gold pieces at shops.

Inventory:

Hand Weapons
 h - a +2 shortbow of freezing
 l - a +0 short sword of flaming
 o - a +2 short sword of venom
 q - a +2 vorpal hand axe
 r - the +7 mace of the Vine (weapon) {vorpal, Contam rF+ Str+6}
   (You found it on level 6 of the Dungeon)

   It inflicts extra damage upon your enemies.
   Str:       It affects your strength (+6).
   rF:        It protects you from fire.
   Contam:    It causes magical contamination when unequipped.
 s - a +3 quarterstaff of chaos
Missiles
 i - 39 arrows
Armour
 a - a +0 robe
 b - a +1 kite shield (worn)
 g - a +2 robe of willpower (worn)
 t - a +2 pair of gloves
Jewellery
 d - a +4 ring of protection (left claw)
 m - an amulet of magic regeneration (around neck)
Scrolls
 f - 2 scrolls of silence
 j - a scroll of blinking
 p - 3 scrolls of identify
Potions
 e - a potion of haste


   Skills:
 + Level 3.8 Fighting
 + Level 2.4 Maces & Flails
 + Level 5.7 Dodging
 + Level 1.5 Stealth
 + Level 5.4 Shields
 + Level 8.9 Unarmed Combat


You had 8 spell levels left.
You didn't know any spells.
Your spell library contained the following spells:

 Spells                   Type           Power      Damage    Failure   Level
 Corona                   Hex            0%         N/A       77%         1
 Ensorcelled Hibernation  Hex/Ice        0%         N/A       88%         2
 Tukima's Dance           Hex            0%         N/A       98%         3
 Summon Ice Beast         Ice/Summ       0%         N/A       100%        4
 Summon Mana Viper        Hex/Summ       0%         N/A       100%        5
 Monstrous Menagerie      Summ           0%         N/A       100%        7


Dungeon Overview and Level Annotations

Branches:
Dungeon (7/15)             Temple (0/1) D:7

Altars:
Dithmenos
Okawaru
Uskayaw
Zin

Shops:
D:1 =


Innate Abilities, Weirdness & Mutations

You are too large for most types of armour.
You have claws for hands.
Your natural rate of healing is unusually fast.
You are covered in fur. (AC +1)
You have tough skin. (AC +1)
You are weak. (Str -2)


Message History

The seven-headed hydra bites you.
The seven-headed hydra bites you but does no damage.
The seven-headed hydra bites you!
The seven-headed hydra closely misses you.
You feel yourself speed up.
You block the seven-headed hydra's attack.
The seven-headed hydra bites you but does no damage.
The seven-headed hydra barely misses you.
The seven-headed hydra bites you!
You block the seven-headed hydra's attack.
The seven-headed hydra closely misses you.
The seven-headed hydra barely misses you.
You barely miss the seven-headed hydra.
The seven-headed hydra is lightly wounded.
You block the seven-headed hydra's attack.
The seven-headed hydra bites you! The seven-headed hydra bites you.
You block the seven-headed hydra's attack.
The seven-headed hydra bites you!
* * * LOW HITPOINT WARNING * * *
The seven-headed hydra closely misses you.
The seven-headed hydra bites you but does no damage.
Unknown command.
You hit the seven-headed hydra.
The seven-headed hydra is lightly wounded.
The seven-headed hydra bites you!
* * * LOW HITPOINT WARNING * * *
You block the seven-headed hydra's attack.
The seven-headed hydra bites you.
* * * LOW HITPOINT WARNING * * *
The seven-headed hydra bites you but does no damage.
You block the seven-headed hydra's attack. x2
The seven-headed hydra closely misses you.
You thump the seven-headed hydra!
The seven-headed hydra is moderately wounded.
The seven-headed hydra bites you but does no damage.
You block the seven-headed hydra's attack.
The seven-headed hydra bites you but does no damage.
The seven-headed hydra closely misses you.
The seven-headed hydra bites you.
You die...

#..........#.....#####..#.
##........####.#........#.
##.#..............####.#...
####..#..###.......###..#.####
#.......#####....###....#..#
##.....#.##.....###....#.#..###
#.....###.#...###....#...#....#
###.....#....###.)..#...#.#.....
#.##........##.@##....#...#.....
##.##.#....###..#D###....#.#.#...
#........###..###yT####....#.....
#......###..#.# W#.. ###..#.....
##...###..###.# 9###. ####...#.
#.###..### .## 9#$###. #..##.
##.'..### # ....|## #..##.
#..#### .#$###{ #.#### ##...###
#.# #.


You could see a seven-headed hydra, a troll, a wraith, a vampire mosquito and 2
gargoyles.

Vanquished Creatures
  A komodo dragon (D:7)
  Sigmund (D:2)
  Eustachio (D:5)
  An acid dragon (D:7)
  Duvessa (D:6)
  An orc warrior (D:5)
  A hornet zombie (D:7)
  A sky beast (D:7)
  2 black bears
  2 ogres
  A centaur (D:5)
  2 phantoms
  A kobold brigand (D:7)
  Blork the orc (D:5)
  3 bullfrogs
  A gnoll sergeant (D:7)
  2 scorpions
  Dowan (D:6)
  A water moccasin skeleton (D:5)
  3 jellies
  A howler monkey (D:6)
  2 centaur zombies
  An orc priest (D:4)
  Crazy Yiuf (D:6)
  3 hounds
  2 iguanas
  Jessica (D:3)
  5 orc wizards
  A hound skeleton (D:4)
  2 howler monkey skeletons
  A howler monkey zombie (D:5)
  3 gnolls (D:7)
  A white imp (D:7)
  An adder skeleton (D:4)
  2 worms
  2 dart slugs
  19 orcs
  4 ball pythons
  3 bats (D:1)
  10 endoplasms
  6 giant cockroaches
  7 goblins
  10 hobgoblins
  7 kobolds
  6 quokkas
  4 frilled lizards
  20 rats
153 creatures vanquished.

Vanquished Creatures (others)
  2 plants (D:1)
2 creatures vanquished.

Grand Total: 155 creatures vanquished

Notes
Turn   | Place    | Note
-------+----------+-------------------------------------------
     0 | D:1      | Sirial the Troll Fighter began the quest for the Orb.
     0 | D:1      | Reached XP level 1. HP: 22/22 MP: 0/0
   104 | D:1      | Reached XP level 2. HP: 29/29 MP: 1/1
   195 | D:1      | Found Umilyamp's Jewellery Emporium.
   204 | D:1      | Found a faded altar of an unknown god.
   224 | D:1      | Became a worshipper of Warmaster Okawaru
   224 | D:1      | Reached * piety under Okawaru
   635 | D:2      | Noticed Sigmund
   636 | D:2      | Reached XP level 3. HP: 36/36 MP: 2/2
   796 | D:2      | Found a hide-covered altar of Uskayaw.
   892 | D:2      | Killed Sigmund
   892 | D:2      | Reached ** piety under Okawaru
   893 | D:2      | Reached skill level 3 in Unarmed Combat
   893 | D:2      | Reached XP level 4. HP: 33/44 MP: 3/3
   893 | D:2      | Reached XP level 5. HP: 39/52 MP: 4/4
  1211 | D:3      | Noticed Jessica
  1228 | D:3      | Killed Jessica
  1229 | D:3      | Reached skill level 4 in Unarmed Combat
  1653 | D:4      | Noticed a black bear
  1663 | D:4      | Killed a black bear
  1664 | D:4      | Reached XP level 6. HP: 51/59 MP: 5/5
  1913 | D:4      | Reached *** piety under Okawaru
  1914 | D:4      | Reached skill level 5 in Unarmed Combat
  2123 | D:4      | Reached XP level 7. HP: 64/66 MP: 6/6
  2173 | D:5      | Entered Level 5 of the Dungeon
  2398 | D:5      | Found a glowing silver altar of Zin.
  2400 | D:5      | Found Zin's Purification Station.
  2414 | D:5      | Bought a potion of curing for 90 gold pieces
  2463 | D:5      | Noticed Blork the orc
  2469 | D:5      | Killed Blork the orc
  2470 | D:5      | Reached skill level 6 in Unarmed Combat
  2598 | D:5      | Noticed Eustachio
  2610 | D:5      | Reached XP level 8. HP: 62/75 MP: 7/7
  2618 | D:5      | Killed Eustachio
  2618 | D:5      | Reached **** piety under Okawaru
  3180 | D:6      | Reached skill level 7 in Unarmed Combat
  3231 | D:6      | Reached skill level 5 in Dodging
  3356 | D:6      | Noticed Dowan
  3356 | D:6      | Noticed Duvessa
  3381 | D:6      | Killed Duvessa
  3387 | D:6      | Killed Dowan
  3391 | D:6      | Reached skill level 8 in Unarmed Combat
  3554 | D:6      | Reached skill level 1 in Stealth
  3689 | D:6      | Reached ***** piety under Okawaru
  3696 | D:6      | Reached XP level 9. HP: 83/83 MP: 8/8
  3718 | D:6      | Identified the +7 mace of the Vine {vorpal, Contam rF+
                  | Str+6}
  3724 | D:6      | Found a runed translucent door.
  3725 | D:6      | Noticed Crazy Yiuf
  3731 | D:6      | Killed Crazy Yiuf
  3920 | D:7      | Found an iron altar of Okawaru.
  3920 | D:7      | Found a shadowy altar of Dithmenos.
  3981 | D:7      | Gained mutation: You are weak. (Str -2) [potion of
                  | mutation]
  4108 | D:7      | Reached skill level 5 in Shields
  4124 | D:7      | Found a staircase to the Ecumenical Temple.
  4241 | D:7      | Reached skill level 1 in Maces & Flails
  4415 | D:7      | Noticed a komodo dragon
  4415 | D:7      | Noticed a troll
  4415 | D:7      | Noticed a gargoyle
  4416 | D:7      | Noticed a seven-headed hydra
  4417 | D:7      | Noticed a gargoyle
  4419 | D:7      | Killed a komodo dragon
  4426 | D:7      | HP: 3/84 [seven-headed hydra (6)]
  4427 | D:7      | Slain by a seven-headed hydra

Illustrated notes

Levels and vault maps discovered:
D:1:      matt_arrival_diagonals, layout_rooms, serial_shops, shop_statue,
          shapermc_ecumenical_altar_mp_ritualfount
D:2:      layout_rooms, basic_altar, uniq_sigmund
D:3:      layout_rooms, kennysheep_generic_room_10, uniq_jessica
D:4:      layout_rooms, minmay_rat_hole
D:5:      layout_loops_corners, zin_purify, uniq_blork_the_orc, uniq_eustachio
D:6:      layout_basic, uniq_crazy_yiuf_cottage, uniq_duvessa
D:7:      minmay_the_grid_triangle_9x9_recursive_2
          [minmay_the_grid_triangle_9x9_prize_top_heavy,
          minmay_the_grid_triangle_9x9_sprig,
          minmay_the_grid_triangle_9x9_negative_grid,
          minmay_the_grid_triangle_9x9_longest], layout_cave_pools,
          overflow_temple_1_default, grunt_dithmenos_smoke

Skill      XL: |  1  2  3  4  5  6  7  8  9 |
---------------+----------------------------+-----
Dodging        | 3 4 5 |  5.7
Shields        | 3 4 5 |  5.4
Unarmed Combat | 3 4 5 6 8 |  8.9
Fighting       | 3 |  3.8
Stealth        | 1 |  1.5
Maces & Flails | 2 |  2.4

Action                   |  1- 3 |  4- 6 |  7- 9 || total
-------------------------+-------+-------+-------++-------
Melee: Unarmed           |   105 |   158 |   151 ||   414
       Mace              |       |       |    73 ||    73
  Use: Scroll            |     3 |     3 |     6 ||    12
       Potion            |     1 |     3 |     5 ||     9
 Stab: Sleeping          |       |       |     2 ||     2
Armor: Robe              |    24 |    52 |    74 ||   150
Dodge: Dodged            |    26 |    35 |    72 ||   133
Block: Kite shield       |    51 |    70 |   110 ||   231
